 Dungeon Crawl Stone Soup version 0.28.0-43-g3370ac3207 (webtiles) character file.

Game seed: 2706834415182843297

23979 mortz the Destroyer (level 12, 0/96 HPs)
             Began as a Pale Draconian Conjurer on Mar 15, 2022.
             Was an Elder of Vehumet.
             Slain by a yak (2 damage)
             ... on level 3 of the Lair of Beasts on Mar 17, 2022.
             The game lasted 02:43:12 (17934 turns).

mortz the Destroyer (Pale Draconian Conjurer)      Turns: 17934, Time: 02:43:13

Health: 0/96       AC: 14    Str: 12    XL:     12   Next: 76%
Magic:  21/25      EV: 16    Int: 25    God:    Vehumet [****..]
Gold:   655        SH:  0    Dex: 16    Spells: 12/30 levels left

rFire   + . .      SeeInvis .   D - +2 morningstar (drain) {mace}
rCold   . . .      Faith    .   (no shield)
rNeg    . . .      Spirit   .   (armour unavailable)
rPois   +          Reflect  .   v - +0 hat of Insatiable Hunger {rElec Will++}
rElec   +          Harm     .   M - +0 cloak
rCorr   .          Rampage  .   d - +0 pair of gloves
Will    ++...                   (no boots)
Stlth   +++.......              O - amulet of the acrobat
HPRegen 0.26/turn               o - +4 ring of protection
MPRegen 0.19/turn               j - ring of Rooptero {rPois rF+ Str+2 Int+2 Dex+6}

@: no status effects
A: breathe steam, AC +8, unfitting armour, cold-blooded, steam resistance
a: Breathe Steam, Renounce Religion


You were on level 3 of the Lair of Beasts.
You worshipped Vehumet.
Vehumet was greatly pleased with you.
You visited 2 branches of the dungeon, and saw 15 of its levels.
You also visited: Ossuary.

You collected 655 gold pieces.


Innate Abilities, Weirdness & Mutations

You can breathe blasts of scalding, opaque steam.
Your pale cyan-grey scales are hard. (AC +8)
You cannot fit into any form of body armour.
You are cold-blooded and may be slowed by cold attacks.
You are immune to the effects of steam.


   Skills:
 + Level 6.3 Fighting
 + Level 10.4 Long Blades
 * Level 3.1 Maces & Flails
 + Level 7.6 Dodging
 + Level 6.6 Stealth
 + Level 9.5 Spellcasting
 + Level 10.6 Conjurations
 + Level 2.0 Fire Magic
 + Level 4.2 Earth Magic


You had 12 spell levels left.
You knew the following spells:

 Your Spells              Type           Power      Damage    Failure   Level
a - Magic Dart            Conj           100%       1d8       1%          1
b - Searing Ray           Conj           100%       2d8       1%          2
c - Stone Arrow           Conj/Erth      98%        3d13      1%          3
d - Foxfire               Conj/Fire      100%       2x1d9     1%          1
e - Iskenderun's Mystic   Conj/Tloc      38%        2d9       1%          4
f - Conjure Flame         Conj/Fire      43%        6-21      1%          3
g - Flame Wave            Conj/Fire      43%        2d9       1%          4

Your spell library contained the following spells:

 Spells                   Type           Power      Damage    Failure   Level
 Sandblast                Erth           66%        2d15      1%          1
 Dazzling Flash           Conj/Hex       76%        N/A       1%          3
 Fulminant Prism          Conj/Hex       19%        3d11      1%          4
 Poisonous Vapours        Pois/Air       22%        N/A       2%          2
 Passwall                 Tmut/Erth      18%        N/A       3%          2
 Beastly Appendage        Tmut           22%        N/A       5%          1
 Sting                    Tmut/Pois      44%        1d5       5%          1
 Corpse Rot               Necr/Air       22%        N/A       8%          2
 Sublimation of Blood     Necr           11%        N/A       8%          2
 Wereblood                Tmut           11%        N/A       8%          2
 Olgreb's Toxic Radiance  Pois           11%        N/A       13%         4
 Call Canine Familiar     Summ           11%        N/A       16%         3
 Portal Projectile        Hex/Tloc       22%        N/A       16%         3
 Spider Form              Tmut/Pois      11%        N/A       16%         3
 Tukima's Dance           Hex            11%        N/A       16%         3
 Leda's Liquefaction      Hex/Erth       11%        N/A       22%         4
 Yara's Violent Unravell  Hex/Tmut       5%         3d4       34%         5
 Dispel Undead            Necr           11%        3d9       45%         4
 Passage of Golubria      Tloc           11%        N/A       45%         4
 Lehudib's Crystal Spear  Conj/Erth      24%        10d7      97%         8
 Death Channel            Necr           5%         N/A       100%        6
 Summon Hydra             Summ           5%         N/A       100%        7
 Animate Armour           Summ/Erth      Unusable   N/A       N/A         4

Inventory:

Hand Weapons
 a - a +4 scimitar {long}
   (You took it off a wight on level 10 of the Dungeon)
 D - a +2 morningstar of draining (weapon) {mace}
   (You took it off a gargoyle on level 8 of the Dungeon)
 F - a +0 scimitar of draining {long}
   (You took it off a wight on level 7 of the Dungeon)
 G - a +7 dagger {short}
   (You took it off a wight on level 6 of the Dungeon)
 J - a +5 great sword of freezing {long}
   (You took it off a wight on level 7 of the Dungeon)
Missiles
 K - 29 poisoned darts {throwing}
Armour
 d - a +0 pair of gloves (worn)
   (You found it on level 1 of the Dungeon)
 v - the +0 hat of Insatiable Hunger (worn) {rElec Will++}
   (You acquired it on level 3 of the Lair of Beasts)

   rElec:     It insulates you from electricity.
   Will:      It greatly increases your willpower.
 M - a +0 cloak (worn)
   (You found it on level 8 of the Dungeon)
 P - a +0 kite shield
   (You found it on level 2 of the Lair of Beasts)
Magical Staves
 w - a staff of poison {!astaff}
   (You took it off a centaur on level 11 of the Dungeon)
 I - a staff of fire {!astaff}
   (You found it on level 9 of the Dungeon)
Jewellery
 f - a ring of resist corrosion
   (You found it in an ossuary)
 h - a ring of flight
   (You found it on level 8 of the Dungeon)
 j - the ring of Rooptero (right hand) {rPois rF+ Str+2 Int+2 Dex+6}
   (You acquired it on level 3 of the Lair of Beasts)

   [ring of dexterity]

   Str:       It affects your strength (+2).
   Int:       It affects your intelligence (+2).
   Dex:       It affects your dexterity (+6).
   rF:        It protects you from fire.
   rPois:     It protects you from poison.
 o - a +4 ring of protection (left hand)
   (You found it on level 11 of the Dungeon)
 z - a ring of protection from fire
   (You found it on level 1 of the Lair of Beasts)
 A - an amulet of faith {!P}
   (You found it on level 3 of the Lair of Beasts)
 O - an amulet of the acrobat (around neck)
   (You found it on level 2 of the Lair of Beasts)
 T - a +4 ring of protection
   (You found it on level 3 of the Lair of Beasts)
Wands
 l - a wand of iceblast (30)
   (You found it on level 2 of the Dungeon)
 x - a wand of charming (5)
   (You found it on level 1 of the Lair of Beasts)
 y - a wand of polymorph (7)
   (You found it on level 6 of the Dungeon)
 B - a wand of paralysis (3)
   (You found it on level 9 of the Dungeon)
 Q - a wand of acid (5)
   (You found it on level 2 of the Lair of Beasts)
Scrolls
 b - a scroll of teleportation {@r4}
 c - 6 scrolls of immolation {!r!r}
 e - 2 scrolls of magic mapping {!r}
 k - 2 scrolls of holy word
 m - 2 scrolls of summoning
 p - a scroll of blinking {!r}
 s - 3 scrolls of vulnerability {!r!r}
 R - a scroll of amnesia {unknown}
Potions
 g - 4 potions of haste {@q3}
 i - 3 potions of heal wounds {@q2}
 n - 5 potions of flight
 q - 5 potions of magic
 r - 5 potions of attraction {!q}
 t - 3 potions of invisibility
 u - 9 potions of curing {@q1}
 C - 3 potions of lignification {unknown}
 E - 2 potions of mutation {unknown}
 H - a potion of resistance {unknown}
 L - a potion of berserk rage {unknown}
 N - 2 potions of cancellation {unknown}
 S - a potion of brilliance {unknown}
 W - a potion of might {unknown}

Dungeon Overview and Level Annotations

Branches:
Dungeon (11/15)            Temple (0/1) D:6            Lair (4/6) D:8
 Shoals (0/4) Lair:3          Orc (0/2) D:11        Ossuary (visited)
  Snake: Lair:2-4    Spider: Lair:2-4

Altars:
Ashenzari
Dithmenos
Elyvilon
Gozag
Hepliaklqana
Makhleb
Nemelex Xobeh
Trog
Vehumet
Wu Jian
Xom
Yredelemnul
Zin
Jiyva

Shops:
D:5

( #.†###.###
##.##....#####
..###...#..PP#####
.......^.........#
####...P.###..##.##
###.....##.#####..#
..........#####...#####
####....#.##...Y.Y....##
.#.#...##.###...@.#....#
.......##.##...sYY.#..P#
..######..###......##..#
#..## ##..........##.##
###(#####...P...#...#..#
#..#.##..........#..##
#...####.......P.##.###
###..##≈≈##.####.P.P..#.##
#.#.P#≈≈≈≈#..# ##........#


You could see 4 yaks and a redback.


Message History

Press: ? - help, Dir - look around, f - activate A wave of flame ripples out!
The flame wave engulfs the redback!
The flame wave engulfs the yak!
You kill the yak!
Vehumet accepts your kill.
The flame wave engulfs the fungus.
The fungus begins to die. (Press . to intensify the flame waves.)
You feel very sick. The redback bites you! x2
* * * LOW HITPOINT WARNING * * *
You are lethally poisoned!
The redback poisons you! 😨 HP[-21] MP[-4]
You take 21 damage, and now have 39/96 hp.
MASSIVE DAMAGE!! (PAUSE)
You lost 4 mp, and now have 18/25 mp.
You feel better.
The redback bites you but does no damage. 😨 HP[+7]
You regained 7 hp, and now have 46/96 hp.
Casting: Flame Wave (mildly dangerous; 1% risk of failure)
Confirm with . or Enter, or press ? or * to list all spells.
Okay, then.
Casting: Flame Wave (mildly dangerous; 1% risk of failure)
Confirm with . or Enter, or press ? or * to list all spells.
You miscast Iskenderun's Mystic Blast.
You are very lightly contaminated with residual magic.
Nothing appears to happen.
The redback barely misses you.
The redback closely misses you. 😨 MP[-4]
You lost 4 mp, and now have 14/25 mp.
Casting: Iskenderun's Mystic Blast (mildly dangerous; 1% risk of failure)
Confirm with . or Enter, or press ? or * to list all spells.
You erupt in a blast of force!
The mystic blast hits the fungus!
The fungus begins to die.
The mystic blast hits the redback!
You kill the redback!
Vehumet accepts your kill.
You feel your power returning.
The mystic blast hits the fungus!
You start resting.
A nearby fungus withers and dies. x2
Your magical contamination has completely faded away. 😨 HP[+2] MP[+1]
You regained 2 hp, and now have 48/96 hp.
You start resting. 😮 HP[+13] MP[+10]
You regained 13 hp, and now have 61/96 hp.
Your mp is fully restored (25).
You start resting. 😎 HP[+35]
Your hp is fully restored (96).
You climb downwards.
The redback barely misses you. The redback closely misses you.
The yak gores you! The yak gores you. The yak gores you but does no damage.
The redback bites you!
You are poisoned.
The redback poisons you! The yak completely misses you.
There is a stone staircase leading up, spattered with blood here. 😮 HP[-24]
You take 24 damage, and now have 72/96 hp.
MASSIVE DAMAGE!! (PAUSE)
You feel extremely sick. The yak misses you. The yak barely misses you.
The yak gores you! The redback bites you!
* * * LOW HITPOINT WARNING * * *
The yak gores you but does no damage.
You climb upwards.
You feel extremely sick.
There is a stone staircase leading down, spattered with blood here. 😨 HP[-37]
You take 37 damage, and now have 35/96 hp.
MASSIVE DAMAGE!! (PAUSE)
Casting: Iskenderun's Mystic Blast (mildly dangerous; 1% risk of failure)
Confirm with . or Enter, or press ? or * to list all spells.
You erupt in a blast of force!
The mystic blast hits the yak!
The yak is knocked back by the mystic blast.
The mystic blast hits the yak.
The mystic blast hits the redback.
The redback is knocked back by the mystic blast.
The redback collides with the plant!
The plant begins to die.
The mystic blast hits the yak!
The yak is knocked back by the mystic blast.
The yak slams into the rock wall!
The mystic blast hits the yak!
The yak is knocked back by the mystic blast.
The yak slams into the rock wall!
You feel very sick. The yak closely misses you.
The yak misses you. 😨 HP[-4] MP[-4]
You take 4 damage, and now have 31/96 hp.
You lost 4 mp, and now have 21/25 mp.
You feel very sick. The yak completely misses you. The yak gores you!
* * * LOW HITPOINT WARNING * * *
The redback completely misses you. The yak gores you!
* * * LOW HITPOINT WARNING * * *
😱 HP[-27]
You take 27 damage, and now have 4/96 hp.
MASSIVE DAMAGE!! (PAUSE)
You feel better. The yak gores you.
* * * LOW HITPOINT WARNING * * *
The redback bites you!
* * * LOW HITPOINT WARNING * * *
The yak gores you but does no damage. The yak gores you.
You die...

Skill      XL: |  1  2  3  4  5  6  7  8  9 10 11 12 |
---------------+-------------------------------------+-----
Conjurations   | 5 6 7 8 9 10 | 10.6
Dodging        | 2 3 4 5 6 7 |  7.6
Stealth        | 2 3 5 6 |  6.6
Spellcasting   | 3 4 5 6 7 9 |  9.5
Fighting       | 1 2 3 5 6 |  6.3
Earth Magic    | 2 3 4 |  4.2
Long Blades    | 1 4 7 8 10 | 10.4
Fire Magic     | 1 2 |  2.0
Maces & Flails | 3 |  3.1

Action                   |  1- 3 |  4- 6 |  7- 9 | 10-12 || total
-------------------------+-------+-------+-------+-------++-------
Melee: Unarmed           |     4 |       |       |       ||     4
       Dagger            |     1 |    10 |       |       ||    11
       Tailslap          |     1 |     1 |     2 |    19 ||    23
       Short sword       |     1 |       |       |       ||     1
       Long sword        |       |     5 |       |       ||     5
       Great sword       |       |       |    22 |   144 ||   166
       Morningstar       |       |       |       |     4 ||     4
 Cast: Magic Dart        |    56 |    41 |    25 |    70 ||   192
       Searing Ray       |     6 |    21 |    30 |    44 ||   101
       Stone Arrow       |       |       |    26 |    19 ||    45
       Foxfire           |       |       |       |    39 ||    39
       Flame Wave        |       |       |       |     3 ||     3
       Iskenderun's Myst |       |       |       |     2 ||     2
 Abil: Breathe Steam     |       |       |    36 |    98 ||   134
  Use: Scroll            |       |       |     7 |    15 ||    22
       Potion            |       |       |       |     3 ||     3
 Stab: Sleeping          |       |       |       |     1 ||     1
Armor: Skin              |     9 |     6 |    18 |   119 ||   152
Dodge: Dodged            |    17 |    21 |    51 |   183 ||   272

Levels and vault maps discovered:
D:1:      nzn_arrival_crosshair, layout_basic,
          dreamdust_ecumenical_altar_hidden_monk_grotto
D:2:      layout_basic, uniq_natasha
D:3:      layout_rooms, trog_butcher_becter,
          chequers_temple_overflow_minitemple, kennysheep_generic_room_2
D:4:      layout_loops_ring, mainiacjoe_overflow_catwalk, grunt_decor_fettered
D:5:      layout_cave_pods, kennysheep_ying_yang, serial_shops,
          nicolae_shop_trees, uniq_pikel
D:6:      layout_loops_ring, mainiacjoe_overflow_alcove_4,
          minmay_temple_entry_purple_smoke, minmay_misc_feat_encased,
          minmay_misc_feat_nine_boxes, uniq_sigmund
D:7:      layout_rooms, mainiacjoe_overflow_small_starburst,
          lightli_ossuary_entry_decrepit_ruins, serial_bayou_pond_b, hex_medium
D:8:      layout_basic, mainiacjoe_overflow_chevrons, overflow_temple_1_default,
          erik_lair_island, serial_glass, glass_columns_c, glass_columns_a,
          jiyva_altar_1
D:9:      layout_irregular_city, grunt_dithmenos_smoke_and_mirrors
D:10:     layout_grid_maze
D:11:     layout_loops_ring, orc_0_dummy
Lair:1:   layout_loops_ring
Lair:2:   layout_gridlike, grunt_megastairs_4, infiniplex_staircase_pool
Lair:3:   layout_loops_ring, minmay_shoals_entry_lonely_mermaid,
          minmay_lair_oklob_items
Lair:4:   layout_big_grid, spider_nest_entry_webs, serial_bayou_shore_b,
          serial_bayou_shore_b

Notes
Turn   | Place    | Note
-------+----------+-------------------------------------------
     0 | D:1      | mortz the Draconian Conjurer began the quest for the Orb.
     0 | D:1      | Reached XP level 1. HP: 14/14 MP: 3/3
     0 | D:1      | magus.rc [v1.9.6]
   153 | D:1      | Reached XP level 2. HP: 20/20 MP: 3/5
   310 | D:1      | Learned a level 2 spell: Searing Ray
   621 | D:1      | You pick up a book of Changes and begin reading...
   621 | D:1      | You add the spells Beastly Appendage, Wereblood and Spider
                  | Form to your library.
   687 | D:1      | Found a faded altar of an unknown god.
   768 | D:1      | Reached XP level 3. HP: 26/26 MP: 3/6
  1113 | D:2      | Reached skill level 5 in Conjurations
  1165 | D:2      | You pick up a book of Geomancy and begin reading...
  1165 | D:2      | You add the spells Sandblast, Passwall and Stone Arrow to
                  | your library.
  1402 | D:2      | Reached skill level 2 in Dodging
  1495 | D:2      | Reached XP level 4. HP: 33/33 MP: 3/7
  1536 | D:2      | Noticed Natasha
  1541 | D:2      | Killed Natasha
  1725 | D:2      | Noticed Natasha
  1731 | D:2      | Killed Natasha
  1732 | D:2      | Reached skill level 2 in Stealth
  1925 | D:2      | Noticed Natasha
  1938 | D:2      | Killed Natasha
  1939 | D:2      | Reached XP level 5. HP: 23/38 MP: 0/9
  2291 | D:3      | Found a bloodstained altar of Trog.
  2297 | D:3      | Reached skill level 3 in Spellcasting
  2395 | D:3      | Identified the +0 leather armour of Sin {rPois rC+ Int-3}
  2514 | D:3      | Reached skill level 6 in Conjurations
  2910 | D:3      | Found a hazy altar of Hepliaklqana.
  2910 | D:3      | Found a burning altar of Makhleb.
  2918 | D:3      | Found an ornate altar of the Wu Jian Council.
  2920 | D:3      | Found a faded altar of an unknown god.
  2922 | D:3      | Found a radiant altar of Vehumet.
  2925 | D:3      | Became a worshipper of Vehumet
  3332 | D:4      | Noticed a water moccasin
  3339 | D:4      | Killed a water moccasin
  3340 | D:4      | Reached XP level 6. HP: 41/46 MP: 0/11
  3495 | D:4      | HP: 11/46 [poisoned by a scorpion]
  3500 | D:4      | HP: 6/46 [poisoned by a scorpion]
  4109 | D:4      | Reached skill level 4 in Spellcasting
  4109 | D:4      | Your scales start taking on a pale cyan-grey colour.
  4109 | D:4      | Reached XP level 7. HP: 51/51 MP: 5/13
  4109 | D:4      | Gained mutation: You are immune to the effects of steam.
                  | [Pale Draconian growth]
  4170 | D:4      | Learned a level 3 spell: Stone Arrow
  4316 | D:4      | Found a shimmering altar of Xom.
  4333 | D:4      | You fall into a shaft and drop 2 floors!
  4337 | D:6      | Reached skill level 3 in Stealth
  4376 | D:5      | Entered Level 5 of the Dungeon
  4706 | D:5      | Found a basalt altar of Yredelemnul.
  4778 | D:5      | Found a white marble altar of Elyvilon.
  4960 | D:5      | Found Cyrekk's Antique Weapon Shop.
  4974 | D:5      | Reached skill level 1 in Fighting
  5198 | D:5      | Reached skill level 3 in Dodging
  5198 | D:5      | Reached skill level 7 in Conjurations
  5590 | D:5      | Reached skill level 5 in Spellcasting
  5590 | D:5      | Reached XP level 8. HP: 59/59 MP: 13/15
  5960 | D:5      | Reached skill level 1 in Earth Magic
  6141 | D:5      | You pick up a book of Vapours and begin reading...
  6141 | D:5      | You add the spells Poisonous Vapours and Corpse Rot to your
                  | library.
  6265 | D:5      | Noticed Pikel
  6279 | D:5      | Killed Pikel
  6280 | D:5      | Reached skill level 4 in Stealth
  6364 | D:5      | magus.rc [v1.9.6]
  6454 | D:6      | You pick up a book of Armaments and begin reading...
  6467 | D:6      | Found a staircase to the Ecumenical Temple.
  6481 | D:6      | Reached skill level 1 in Long Blades
  6481 | D:6      | Reached skill level 2 in Earth Magic
  6538 | D:6      | Reached skill level 2 in Fighting
  6538 | D:6      | Reached skill level 5 in Stealth
  6538 | D:6      | Reached skill level 6 in Spellcasting
  6656 | D:6      | Reached XP level 9. HP: 67/67 MP: 18/18
  6771 | D:6      | Found a sparkling altar of Nemelex Xobeh.
  6939 | D:6      | Noticed Sigmund
  6953 | D:6      | Killed Sigmund
  6954 | D:6      | Reached skill level 8 in Conjurations
  7329 | D:7      | Found a sand-covered staircase.
  7336 | D:7      | Found a glowing silver altar of Zin.
  7341 | D:7      | Reached skill level 2 in Long Blades
  7348 | D:7      | HP: 10/67 [centaur/arrow (10)]
  7652 | D:6      | Reached skill level 4 in Dodging
  7813 | Ossuary  | Entered an ossuary
  8123 | Ossuary  | Reached * piety under Vehumet
  8123 | Ossuary  | Offered knowledge of Foxfire by Vehumet.
  8130 | Ossuary  | Learned a level 1 spell: Foxfire
  8135 | Ossuary  | Learned a level 4 spell: Iskenderun's Mystic Blast
  8158 | Ossuary  | Reached skill level 3 in Long Blades
  8468 | Ossuary  | Reached skill level 3 in Earth Magic
  8641 | D:7      | Reached skill level 3 in Fighting
  8641 | D:7      | Reached skill level 4 in Long Blades
  8760 | D:7      | Reached XP level 10. HP: 77/77 MP: 20/20
  8884 | D:7      | Reached skill level 5 in Long Blades
  9021 | D:7      | Reached skill level 7 in Spellcasting
  9317 | D:8      | Reached ** piety under Vehumet
  9318 | D:8      | Reached skill level 6 in Long Blades
  9322 | D:8      | Offered knowledge of Shock by Vehumet.
  9387 | D:8      | Noticed a gargoyle
  9401 | D:8      | Killed a gargoyle
  9552 | D:8      | Reached skill level 4 in Earth Magic
  9743 | D:8      | Found a staircase to the Lair.
  9801 | D:8      | Found an opulent altar of Gozag.
  9812 | D:8      | Found a broken altar of Ashenzari.
  9904 | D:8      | Reached skill level 7 in Long Blades
 10050 | D:8      | Found a viscous altar of Jiyva.
 10069 | D:8      | Reached skill level 5 in Dodging
 10383 | D:9      | Reached skill level 6 in Stealth
 10659 | D:9      | Reached skill level 9 in Conjurations
 10729 | D:9      | Found a shadowy altar of Dithmenos.
 10767 | D:9      | Offered knowledge of Mephitic Cloud by Vehumet.
 11065 | D:9      | Reached XP level 11. HP: 79/82 MP: 22/22
 11395 | D:9      | magus.rc [v1.9.6]
 11397 | D:10     | Entered Level 10 of the Dungeon
 11405 | D:10     | Noticed a two-headed ogre
 11427 | D:10     | Killed a two-headed ogre
 11428 | D:10     | Reached skill level 8 in Long Blades
 11468 | D:10     | Reached *** piety under Vehumet
 12124 | D:10     | Reached skill level 6 in Dodging
 12142 | D:10     | Reached skill level 8 in Spellcasting
 12380 | D:11     | Reached skill level 4 in Fighting
 12697 | D:11     | Offered knowledge of Conjure Flame by Vehumet.
 12892 | D:11     | Found a staircase to the Orcish Mines.
 13164 | D:11     | You add the spells Sting and Olgreb's Toxic Radiance to
                  | your library.
 13169 | D:11     | Learned a level 3 spell: Conjure Flame
 13415 | D:10     | Noticed a two-headed ogre
 13433 | D:10     | HP: 19/85 [two-headed ogre/+0 giant spiked club (3)]
 13436 | D:10     | Killed a two-headed ogre
 13437 | D:10     | Reached skill level 1 in Fire Magic
 13716 | Lair:1   | Entered Level 1 of the Lair of Beasts
 13744 | Lair:1   | You pick up a book of Blood and begin reading...
 13744 | Lair:1   | You add the spells Sublimation of Blood and Summon Hydra to
                  | your library.
 13752 | Lair:1   | Reached skill level 10 in Conjurations
 13781 | Lair:1   | Reached skill level 5 in Fighting
 14057 | Lair:1   | Reached skill level 9 in Spellcasting
 14132 | Lair:1   | You fall into a shaft and drop 1 floor!
 14144 | Lair:2   | Reached **** piety under Vehumet
 14349 | Lair:1   | Noticed an eight-headed hydra
 14353 | Lair:1   | Reached XP level 12. HP: 70/94 MP: 17/25
 14589 | D:8      | magus.rc [v1.9.6]
 14676 | Lair:1   | Noticed a six-headed hydra
 14699 | Lair:1   | Killed a six-headed hydra
 14700 | Lair:1   | Reached skill level 9 in Long Blades
 14812 | Lair:1   | Killed an eight-headed hydra
 14813 | Lair:1   | Reached skill level 1 in Maces & Flails
 15380 | Lair:2   | magus.rc [v1.9.6]
 15425 | Lair:2   | Offered knowledge of Flame Wave by Vehumet.
 15431 | Lair:2   | Learned a level 4 spell: Flame Wave
 15438 | Lair:2   | You pick up a book of the Hunter and begin reading...
 15438 | Lair:2   | You add the spells Call Canine Familiar, Portal Projectile
                  | and Leda's Liquefaction to your library.
 15515 | Lair:2   | You add the spells Tukima's Dance, Passage of Golubria and
                  | Yara's Violent Unravelling to your library.
 15559 | Lair:2   | Reached skill level 7 in Dodging
 15821 | Lair:2   | Noticed a seven-headed hydra
 15829 | Lair:2   | Killed a seven-headed hydra
 16232 | Lair:3   | Reached skill level 10 in Long Blades
 16379 | Lair:3   | Reached skill level 2 in Maces & Flails
 16646 | Lair:3   | You pick up a book of Decay and begin reading...
 16646 | Lair:3   | You add the spells Dispel Undead and Death Channel to your
                  | library.
 16690 | Lair:3   | Reached skill level 6 in Fighting
 17144 | Lair:3   | Identified 2 scrolls of acquirement
 17145 | Lair:3   | Acquired the +0 hat of Insatiable Hunger {rElec Will++}
 17157 | Lair:3   | Acquired the ring of Rooptero {rPois rF+ Str+2 Int+2 Dex+6}
 17194 | Lair:3   | Found a staircase to the Shoals.
 17578 | Lair:3   | magus.rc [v1.9.6]
 17635 | Lair:3   | Reached skill level 3 in Maces & Flails
 17685 | Lair:4   | Noticed a seven-headed hydra
 17731 | Lair:4   | Reached skill level 2 in Fire Magic
 17933 | Lair:3   | HP: 15/96 [yak (12)]
 17933 | Lair:3   | HP: 4/96 [yak (11)]
 17934 | Lair:3   | Slain by a yak

Vanquished Creatures
  3 hydras
  2 two-headed ogres (D:10)
  An oklob plant (Lair:3)
  Pikel (D:5)
  2 manticores (D:11)
  A black mamba (Lair:1)
  A merfolk siren (Lair:3)
  A gargoyle (D:8)
  8 cane toads
  3 unseen horrors
  A rime drake (Lair:3)
  6 komodo dragons
  3 trolls
  A hornet (D:9)
  4 blink frogs (Lair:3)
  Sigmund (D:6)
  4 wyverns
  17 yaks
  A vampire (D:11)
  3 steam dragons
  2 basilisks
  A redback (Lair:3)
  5 vampire mosquitoes
  7 water moccasins
  An acid dragon (D:11)
  An ice beast (D:8)
  A black bear (D:7)
  3 ogres
  11 wolves
  10 centaurs
  3 phantoms
  A lemure (D:5)
  2 kobold brigands
  6 bullfrogs
  15 scorpions
  A wyvern zombie (D:5)
  A wyvern skeleton (D:5)
  3 killer bees (D:8)
  5 howler monkeys
  18 wights
  3 electric eels (D:8)
  2 centaur zombies
  3 hounds (D:8)
  7 jellies
  A centaur skeleton (D:4)
  3 human zombies (Ossuary)
  3 orc priests
  A bullfrog skeleton (D:6)
  3 scorpion zombies (Ossuary)
  Natasha (thrice) (D:2)
  An iguana (D:6)
  6 orc wizards
  3 mummies (Ossuary)
  A howler monkey zombie (D:9)
  4 gnolls (D:5)
  5 adders
  2 white imps
  An ufetubus (D:7)
  A worm (D:2)
  2 dart slugs
  21 orcs
  6 ball pythons
  9 endoplasms
  5 giant cockroaches
  10 goblins
  8 hobgoblins
  5 quokkas
  6 bats
  4 frilled lizards
  A gnoll zombie (Ossuary)
  2 goblin zombies (Ossuary)
  2 hobgoblin zombies (Ossuary)
  15 kobolds
  A kobold zombie (Ossuary)
  An orc zombie (Ossuary)
  4 rats
  A bush (Lair:3)
317 creatures vanquished.

Vanquished Creatures (collateral kills)
  12 foxfires (Lair:3)
12 creatures vanquished.

Vanquished Creatures (others)
  An unseen horror (D:11)
  51 foxfires
  26 fungi
  28 plants
106 creatures vanquished.

Grand Total: 435 creatures vanquished

Table legend:
 A = Non-vault XP
 B = Vault XP
 C = Vault XP percentage of total XP
 D = Non-vault monster count
 E = Vault monster count
 F = Vault count percentage of total count
                 A         B        C        D         E       F
            +---------+---------+-------+---------+---------+-------
      Total |   29660 |    4597 |  13.4 |     262 |      54 |  17.1
            +---------+---------+-------+---------+---------+-------
        D:1 |      41 |       0 |   0.0 |      25 |       0 |   0.0
        D:2 |     141 |      35 |  19.9 |      20 |       1 |   4.8
        D:3 |      67 |       8 |  10.7 |      17 |       5 |  22.7
        D:4 |     476 |       0 |   0.0 |      15 |       0 |   0.0
        D:5 |     855 |     607 |  41.5 |      21 |       1 |   4.5
        D:6 |     985 |     223 |  18.5 |      11 |       1 |   8.3
        D:7 |    1892 |      50 |   2.6 |      20 |       2 |   9.1
        D:8 |    1496 |     837 |  35.9 |      18 |      10 |  35.7
        D:9 |    2303 |       0 |   0.0 |      18 |       0 |   0.0
       D:10 |    3631 |       0 |   0.0 |      27 |       0 |   0.0
       D:11 |    3695 |       0 |   0.0 |      18 |       0 |   0.0
     Lair:1 |    4889 |       0 |   0.0 |      13 |       0 |   0.0
     Lair:2 |    3345 |     240 |   6.7 |      15 |       2 |  11.8
     Lair:3 |    5462 |    1252 |  18.6 |      23 |       3 |  11.5
     Lair:4 |     382 |       0 |   0.0 |       1 |       0 |   0.0
    Ossuary |       0 |    1345 | 100.0 |       0 |      29 | 100.0
            +---------+---------+-------+---------+---------+-------

Illustrated notes

Table legend:
 A = Kills in this place as a percentage of kills in entire the game.
 B = Kills by you in this place as a percentage of kills by you in the entire game.
 C = Kills by friends in this place as a percentage of kills by friends in the entire game.
 D = Other kills in this place as a percentage of other kills in the entire game.
 E = Experience gained in this place as a percentage of experience gained in the entire game.
 F = Experience gained in this place divided by the number of levels of this place that you have seen.
                   A       B       C       D       E      F
               +-------+-------+-------+-------+-------+----------------------
         Total | 100.0 | 100.0 |   N/A | 100.0 | 100.0 | 2141.1
       Dungeon |  72.8 |  72.7 |   N/A | 100.0 |  50.6 | 1576.5
          Lair |  18.0 |  18.1 |   N/A |   0.0 |  45.5 | 3892.5
       Ossuary |   9.2 |   9.2 |   N/A |   0.0 |   3.9 | 1345.0
               +-------+-------+-------+-------+-------+----------------------

Table legend: (Time is in decaauts)
 A = Elapsed time spent in this place.
 B = Non-inter-level travel time spent in this place.
 C = Inter-level travel time spent in this place.
 D = Time resting spent in this place.
 E = Time spent auto-exploring this place.
 F = Levels seen in this place.
 G = Mean time per level.
                   A        B        C        D        E       F      G
               +--------+--------+--------+--------+--------+-----+--------+
         Total |  18044 |  17290 |    754 |   4152 |  10110 |  16 | 1127.8 |
       Dungeon |  13232 |  12655 |    577 |   3278 |   7438 |  11 | 1202.9 |
          Lair |   3982 |   3806 |    176 |    420 |   2657 |   4 |  995.5 |
       Ossuary |    829 |    829 |      0 |    454 |     15 |   1 |  829.0 |
               +--------+--------+--------+--------+--------+-----+--------+

Top non-repeatable levels by time:
  Lair:3: 1756 daAuts
     D:5: 1670 daAuts
     D:8: 1601 daAuts
     D:4: 1478 daAuts
  Lair:1: 1277 daAuts
     D:2: 1229 daAuts
     D:3: 1182 daAuts
    D:10: 1169 daAuts
     D:9: 1162 daAuts
     D:6: 1138 daAuts
    D:11: 1078 daAuts
  Lair:2: 926 daAuts
     D:1: 858 daAuts
 Ossuary: 829 daAuts
     D:7: 662 daAuts
